ITL
UTICA UNICORNS @ DETROIT X-WINGS
05/24/2030
 
TOP OF THE 1ST
Utica Unicorns batting - Pitching for Detroit X-Wings : RHP Jorge Madrigal
Pitching: RHP Jorge Madrigal
Batting: RHB John Jones 0-0: Called Strike
0-1: Ball
1-1: Ball
2-1: Swinging Strike
2-2: SINGLE (Groundball, 6MD)
Batting: LHB Raúl Morales 0-0: Called Strike
0-1: SINGLE (Line Drive, 4MD)
John Jones to second
Runner from 2nd tries for 3rd, SAFE, throw made to third
Batting: LHB Dave Reynolds 0-0: Fly out, F7 (Flyball, 78S)
Runner from 3rd tags up, SCORES, no throw
Batting: LHB José Román 0-0: Ball
1-0: Grounds into double play, 4-6-3 (Groundball, 4)
Top of the 1st over - 1 run, 2 hits, 0 errors, 0 left on base; Utica 1 - Detroit 0
BOTTOM OF THE 1ST
Detroit X-Wings batting - Pitching for Utica Unicorns : RHP Paul Clark
Pitching: RHP Paul Clark
Batting: SHB Jason Mason 0-0: Ground out 4-3 (Groundball, 4)
Batting: RHB Jesús Gonzáles 0-0: Ball
1-0: Ball
2-0: Ground out U3 (Groundball, 34S)
Batting: LHB Juan Colón 0-0: Foul Ball, location: 2F
0-1: Hit by Pitch
Batting: SHB Barrett Bowden 0-0: Fly out, F9 (Line Drive, 9D)
Bottom of the 1st over - 0 runs, 0 hits, 0 errors, 1 left on base; Utica 1 - Detroit 0
TOP OF THE 2ND
Utica Unicorns batting - Pitching for Detroit X-Wings : RHP Jorge Madrigal
Batting: RHB Kenny Cole 0-0: Ball
1-0: Foul Ball, location: 2F
1-1: Called Strike
1-2: Strikes out swinging
Batting: SHB Ralph Robison 0-0: Called Strike
0-1: Ball
1-1: Called Strike
1-2: Ground out 5-3 (Groundball, 5L)
Batting: RHB Micheal Banks 0-0: Ball
1-0: Ball
2-0: Ball
3-0: Called Strike
3-1: SINGLE (Groundball, 6MD)
Batting: RHB Pablo Díaz 0-0: Called Strike
0-1: Swinging Strike
0-2: Ball
1-2: Strikes out swinging
Top of the 2nd over - 0 runs, 1 hit, 0 errors, 1 left on base; Utica 1 - Detroit 0
BOTTOM OF THE 2ND
Detroit X-Wings batting - Pitching for Utica Unicorns : RHP Paul Clark
Batting: LHB Paul Alston 0-0: Called Strike
0-1: Ground out 1-3 (Groundball, 15S)
Batting: RHB Raúl Flores 0-0: Fly out, F2 (Popup, 23F)
Batting: RHB Alfredo Villegas 0-0: Ball
1-0: Ball
2-0: Called Strike
2-1: Called Strike
2-2: Foul Ball, location: 2F
2-2: Ball
3-2: Base on Balls
Batting: LHB Leslie Adams 0-0: Called Strike
0-1: Ball
Alfredo Villegas steals 2nd base
1-1: Called Strike
1-2: Ball
2-2: Strikes out looking
Bottom of the 2nd over - 0 runs, 0 hits, 0 errors, 1 left on base; Utica 1 - Detroit 0
TOP OF THE 3RD
Utica Unicorns batting - Pitching for Detroit X-Wings : RHP Jorge Madrigal
Batting: RHB Héctor Jiménez 0-0: Ball
1-0: Foul Ball, location: 2F
1-1: Ground out 6-3 (Groundball, 6)
Batting: RHB John Jones 0-0: Ball
1-0: Ground out 5-3 (Groundball, 5L)
Batting: LHB Raúl Morales 0-0: Called Strike
0-1: Foul Ball, location: 2F
0-2: Ground out 6-3 (Groundball, 6)
Top of the 3rd over - 0 runs, 0 hits, 0 errors, 0 left on base; Utica 1 - Detroit 0
BOTTOM OF THE 3RD
Detroit X-Wings batting - Pitching for Utica Unicorns : RHP Paul Clark
Batting: RHB Daniel Riddle 0-0: Ball
1-0: Ball
2-0: Ball
3-0: Called Strike
3-1: Foul Ball, location: 2F
3-2: SINGLE (Groundball, 6MD)
Batting: SHB Jason Mason 0-0: Called Strike
0-1: Called Strike
0-2: Ball
1-2: Grounds into double play, 6-4-3 (Groundball, 6)
Batting: RHB Jesús Gonzáles 0-0: Foul Ball, location: 2F
0-1: Swinging Strike
0-2: Ball
1-2: Strikes out swinging
Bottom of the 3rd over - 0 runs, 1 hit, 0 errors, 0 left on base; Utica 1 - Detroit 0
TOP OF THE 4TH
Utica Unicorns batting - Pitching for Detroit X-Wings : LHP Richard Dorris
Pitching: LHP Richard Dorris
Batting: LHB Dave Reynolds 0-0: Foul Ball, location: 2F
0-1: Called Strike
0-2: Ball
1-2: Foul Ball, location: 2F
1-2: Ball
2-2: Ball
3-2: Fly out, F5 (Popup, 5L)
Batting: LHB José Román 0-0: Called Strike
0-1: SINGLE (Line Drive, 7LM)
Batting: RHB Kenny Cole 0-0: Called Strike
0-1: Swinging Strike
0-2: Foul Ball, location: 2F
0-2: Strikes out swinging
Batting: SHB Ralph Robison Pickoff Throw to First - Out!
Top of the 4th over - 0 runs, 1 hit, 0 errors, 0 left on base; Utica 1 - Detroit 0
BOTTOM OF THE 4TH
Detroit X-Wings batting - Pitching for Utica Unicorns : RHP Paul Clark
Batting: LHB Juan Colón 0-0: Called Strike
0-1: DOUBLE (Line Drive, 78XD)
Batting: SHB Barrett Bowden 0-0: Ball
1-0: Ball
2-0: Called Strike
2-1: Called Strike
2-2: Foul Ball, location: 2F
2-2: Ball
3-2: Base on Balls
Batting: LHB Paul Alston 0-0: Ball
1-0: Ball
2-0: Ball
3-0: Called Strike
3-1: Foul Ball, location: 2F
3-2: Base on Balls
Juan Colón to third
Barrett Bowden to second
Batting: RHB Raúl Flores 0-0: Swinging Strike
0-1: Ball
1-1: Swinging Strike
1-2: Strikes out swinging
Batting: RHB Alfredo Villegas 0-0: Ball
1-0: Hit by Pitch
Juan Colón scores
Barrett Bowden to third
Paul Alston to second
Batting: LHB Leslie Adams 0-0: Ball
1-0: Foul Ball, location: 2F
1-1: Foul Ball, location: 2F
1-2: Grounds into fielders choice 1-2 (Groundball, P)
Paul Alston to third
Alfredo Villegas to second
Batting: RHB Daniel Riddle 0-0: Swinging Strike
0-1: Ball
Balk!
Paul Alston scores
Alfredo Villegas to third
Leslie Adams to second
1-1: Foul Ball, location: 2F
1-2: Strikes out swinging
Bottom of the 4th over - 2 runs, 1 hit, 0 errors, 2 left on base; Utica 1 - Detroit 2
TOP OF THE 5TH
Utica Unicorns batting - Pitching for Detroit X-Wings : LHP Richard Dorris
Batting: SHB Ralph Robison 0-0: SINGLE (Groundball, 5D)
Batting: RHB Micheal Banks 0-0: Called Strike
0-1: Ball
1-1: Foul Ball, location: 2F
1-2: Ball
2-2: Foul Ball, location: 2F
2-2: Foul Ball, location: 2F
2-2: Reached on error, E6 (Groundball, 6)
Ralph Robison to second
Batting: RHB Pablo Díaz 0-0: Ball
1-0: Called Strike
1-1: Swinging Strike
1-2: Ball
2-2: Foul Ball, location: 2F
2-2: Foul Ball, location: 2F
2-2: Foul Ball, location: 2F
2-2: Ball
3-2: Strikes out swinging
Batting: RHB Héctor Jiménez 0-0: Called Strike
0-1: 3-RUN HOME RUN (Flyball, 78XD), Distance : 406 ft
Batting: RHB John Jones 0-0: Ball
1-0: Swinging Strike
1-1: Swinging Strike
1-2: Ball
2-2: Foul Ball, location: 2F
2-2: Ball
3-2: Foul Ball, location: 2F
3-2: Foul Ball, location: 2F
3-2: Fly out, F9 (Flyball, 9S)
Batting: LHB Raúl Morales 0-0: Swinging Strike
0-1: Ball
1-1: Ground out 4-3 (Groundball, 34D)
Top of the 5th over - 3 runs, 2 hits, 1 error, 0 left on base; Utica 4 - Detroit 2
BOTTOM OF THE 5TH
Detroit X-Wings batting - Pitching for Utica Unicorns : RHP Paul Clark
Batting: SHB Jason Mason 0-0: Ball
1-0: Ball
2-0: Ball
3-0: Called Strike
3-1: Foul Ball, location: 2F
3-2: Foul Ball, location: 2F
3-2: Base on Balls
Batting: RHB Jesús Gonzáles 0-0: Called Strike
0-1: Ball
1-1: Ball
2-1: Ball
3-1: SINGLE (Line Drive, 7LM)
Jason Mason to second
Batting: LHB Juan Colón 0-0: Ball
1-0: Foul Ball, location: 2F
1-1: Called Strike
1-2: Strikes out swinging
Batting: SHB Barrett Bowden 0-0: Ball
Jason Mason steals 3rd base
Jesús Gonzáles to second
1-0: Swinging Strike
1-1: Ball
2-1: Ball
3-1: Foul Ball, location: 2F
3-2: Base on Balls
Batting: LHB Paul Alston 0-0: Swinging Strike
0-1: Ball
1-1: Foul Ball, location: 2F
1-2: Strikes out swinging
Batting: RHB Raúl Flores 0-0: Ball
1-0: Foul Ball, location: 2F
1-1: Ball
2-1: Ground out 1-3 (Groundball, 13S)
Bottom of the 5th over - 0 runs, 1 hit, 0 errors, 3 left on base; Utica 4 - Detroit 2
TOP OF THE 6TH
Utica Unicorns batting - Pitching for Detroit X-Wings : LHP Richard Dorris
Pitching: RHP Ralph Bascombe
Batting: LHB Dave Reynolds 0-0: Ball
1-0: Swinging Strike
1-1: Ball
2-1: Foul Ball, location: 2F
2-2: Reached on error, E5 (Groundball, 25)
Batting: LHB José Román 0-0: Swinging Strike
0-1: Ball
1-1: Fly out, F8 (Line Drive, 8RS)
Batting: RHB Kenny Cole 0-0: Ball
1-0: Ball
2-0: Called Strike
2-1: Foul Ball, location: 2F
2-2: Ball
Dave Reynolds steals 2nd base
3-2: Foul Ball, location: 2F
3-2: DOUBLE (Line Drive, 7LS)
Dave Reynolds scores
Batting: SHB Ralph Robison 0-0: Ball
1-0: Ball
2-0: Foul Ball, location: 2F
2-1: Foul Ball, location: 2F
2-2: DOUBLE (Flyball, 78D)
Kenny Cole scores
Batting: RHB Micheal Banks 0-0: Swinging Strike
0-1: Ball
1-1: Ball
2-1: Foul Ball, location: 2F
2-2: Strikes out looking
Batting: RHB Pablo Díaz 0-0: Called Strike
0-1: Called Strike
0-2: Foul Ball, location: 2F
0-2: Strikes out looking
Top of the 6th over - 2 runs, 2 hits, 1 error, 1 left on base; Utica 6 - Detroit 2
BOTTOM OF THE 6TH
Detroit X-Wings batting - Pitching for Utica Unicorns : RHP Paul Clark
Pitching: RHP Patrick Doyle
Batting: RHB Alfredo Villegas 0-0: Ball
1-0: Ground out 5-3 (Groundball, 56)
Batting: LHB Leslie Adams 0-0: Swinging Strike
0-1: Called Strike
0-2: Foul Ball, location: 2F
0-2: Foul Ball, location: 2F
0-2: Ball
1-2: SINGLE (Groundball, 3D)
Batting: RHB Daniel Riddle 0-0: Called Strike
0-1: Called Strike
0-2: Strikes out swinging
Batting: SHB Jason Mason 0-0: Called Strike
0-1: Ball
1-1: Ball
2-1: Called Strike
2-2: Ball
3-2: Base on Balls
Leslie Adams to second
Batting: RHB Jesús Gonzáles 0-0: Ball
1-0: Foul Ball, location: 2F
1-1: Swinging Strike
1-2: Foul Ball, location: 2F
1-2: Ball
2-2: Ball
3-2: Base on Balls
Leslie Adams to third
Jason Mason to second
Batting: LHB Juan Colón 0-0: Fly out, F4 (Popup, 34D)
Bottom of the 6th over - 0 runs, 1 hit, 0 errors, 3 left on base; Utica 6 - Detroit 2
TOP OF THE 7TH
Utica Unicorns batting - Pitching for Detroit X-Wings : RHP Ralph Bascombe
Batting: RHB Héctor Jiménez 0-0: Ball
1-0: Ball
2-0: Ground out 5-3 (Groundball, 56)
Batting: RHB John Jones 0-0: Called Strike
0-1: Ball
1-1: Foul Ball, location: 2F
1-2: Ball
2-2: Ball
3-2: Base on Balls
Batting: LHB Raúl Morales 0-0: Swinging Strike
0-1: Called Strike
John Jones is caught stealing 2nd base
0-2: Foul Ball, location: 2F
0-2: Foul Ball, location: 2F
0-2: Strikes out looking
Top of the 7th over - 0 runs, 0 hits, 0 errors, 0 left on base; Utica 6 - Detroit 2
BOTTOM OF THE 7TH
Detroit X-Wings batting - Pitching for Utica Unicorns : RHP Patrick Doyle
Batting: SHB Barrett Bowden 0-0: Ball
1-0: Ball
2-0: Ball
3-0: Called Strike
3-1: Fly out, F8 (Flyball, 8LM)
Batting: LHB Paul Alston 0-0: Ground out 3-1 (Groundball, 2R)
Batting: RHB Raúl Flores 0-0: Foul Ball, location: 2F
0-1: Ball
1-1: Ball
2-1: Ground out 5-3 (Groundball, 5L)
Bottom of the 7th over - 0 runs, 0 hits, 0 errors, 0 left on base; Utica 6 - Detroit 2
TOP OF THE 8TH
Utica Unicorns batting - Pitching for Detroit X-Wings : RHP Ralph Bascombe
Batting: LHB Dave Reynolds 0-0: Called Strike
0-1: Foul Ball, location: 2F
0-2: Foul Ball, location: 2F
0-2: Ball
1-2: Ball
2-2: Ball
3-2: Base on Balls
Batting: LHB José Román 0-0: Ball
1-0: Ball
2-0: Ball
3-0: Called Strike
3-1: Base on Balls
Dave Reynolds to second
Pitching: RHP Pat Jackson
Batting: RHB Kenny Cole 0-0: Ball
1-0: Swinging Strike
1-1: Ball
2-1: Fly out, F6 (Popup, 6MS)
Batting: SHB Ralph Robison 0-0: Ball
1-0: SINGLE (Groundball, 34D)
Dave Reynolds to third
José Román to second
Runner from 3rd tries for Home, SAFE, throw made home
Batting: RHB Micheal Banks 0-0: Called Strike
0-1: Fly out, F9 (Flyball, 9S)
Batting: RHB Pablo Díaz 0-0: Foul Ball, location: 2F
0-1: Reached on error, E5 (Groundball, 56)
José Román to third
Ralph Robison to second
Batting: RHB Héctor Jiménez 0-0: Swinging Strike
0-1: Ball
1-1: Ball
2-1: Ball
3-1: Foul Ball, location: 2F
3-2: Foul Ball, location: 2F
3-2: Foul Ball, location: 2F
3-2: Strikes out swinging
Top of the 8th over - 1 run, 1 hit, 1 error, 3 left on base; Utica 7 - Detroit 2
BOTTOM OF THE 8TH
Detroit X-Wings batting - Pitching for Utica Unicorns : RHP Patrick Doyle
Now at 1B: Marcos Castillo
Batting: RHB Alfredo Villegas 0-0: Called Strike
0-1: Ball
1-1: Ground out 5-3 (Groundball, 5)
Batting: LHB Leslie Adams 0-0: Ground out 6-3 (Groundball, 6D)
Batting: RHB Daniel Riddle 0-0: Ball
1-0: Foul Ball, location: 2F
1-1: Called Strike
1-2: Ball
2-2: Foul Ball, location: 2F
2-2: Ball
3-2: Foul Ball, location: 2F
3-2: Base on Balls
Batting: SHB Jason Mason 0-0: Ball
1-0: Called Strike
1-1: 2-RUN HOME RUN (Flyball, 89D), Distance : 391 ft
Pitching: RHP Robinson Ramírez
Batting: RHB Jesús Gonzáles 0-0: Ball
1-0: Ball
2-0: Called Strike
2-1: Foul Ball, location: 2F
2-2: Ground out 4-3 (Groundball, 4)
Bottom of the 8th over - 2 runs, 1 hit, 0 errors, 0 left on base; Utica 7 - Detroit 4
TOP OF THE 9TH
Utica Unicorns batting - Pitching for Detroit X-Wings : RHP Pat Jackson
Batting: RHB John Jones 0-0: Ground out 6-3 (Groundball, 56)
Batting: LHB Raúl Morales 0-0: Ball
1-0: Ball
2-0: Ground out 4-3 (Groundball, 4)
Batting: LHB Dave Reynolds 0-0: Ground out 6-3 (Groundball, 6)
Top of the 9th over - 0 runs, 0 hits, 0 errors, 0 left on base; Utica 7 - Detroit 4
BOTTOM OF THE 9TH
Detroit X-Wings batting - Pitching for Utica Unicorns : RHP Robinson Ramírez
Pitching: RHP Paul Turberville
Batting: LHB Juan Colón 0-0: Ball
1-0: Foul Ball, location: 2F
1-1: Swinging Strike
1-2: Ball
2-2: Ground out 5-3 (Groundball, 5L)
Batting: SHB Barrett Bowden 0-0: Called Strike
0-1: Foul Ball, location: 2F
0-2: Ball
1-2: Ball
2-2: DOUBLE (Line Drive, 8LXD)
Batting: LHB Paul Alston 0-0: Called Strike
0-1: Called Strike
0-2: Ball
1-2: Ball
2-2: Strikes out swinging
Batting: RHB Raúl Flores 0-0: Called Strike
0-1: Ground out 3-1 (Groundball, 34)
Bottom of the 9th over - 0 runs, 1 hit, 0 errors, 1 left on base; Utica 7 - Detroit 4
Saturday, April 7th, 2018 - OOTP Baseball 18.8 Build 76